 Dungeon Crawl Stone Soup version 0.27-a0-124-g19cb506db8 (webtiles) character file.

Game seed: 14226841963496793723

39267 jimbutter the Severer (level 13, -10/124 HPs)
             Began as a Minotaur Berserker on Nov 15, 2020.
             Was a High Priest of Trog.
             Mangled by Snorg (23 damage)
             ... on level 12 of the Dungeon on Jan 25, 2021.
             The game lasted 00:50:15 (14876 turns).

jimbutter the Severer (Minotaur Berserker)         Turns: 14876, Time: 00:50:16

Health: -10/124    AC: 16    Str: 23    XL:     13   Next: 68%
Magic:  7/12       EV: 12    Int:  8    God:    Trog [*****.]
Gold:   1100       SH:  7    Dex: 11    Spells: 12/12 levels left

rFire    . . .     SeeInvis +   a - +4 war axe (freeze)
rCold    . . .     Faith    .   b - +0 buckler
rNeg     . . .     Spirit   .   x - +3 plate armour "Jomil" {Will+ Str-3 Slay+3 SInv}
rPois    +         Reflect  .   v - +2 hat
rElec    .         Harm     .   t - +1 cloak
rCorr    .         Rampage  .   o - +0 pair of gloves
Will     +++..                  Q - +0 pair of boots
Stlth    ..........             g - amulet of regeneration
HPRegen  1.70/turn              l - +4 ring of evasion
MPRegen  0.13/turn              K - ring of Reimbursement {rPois Int+4 Slay+2 SInv}

@: lethally poisoned (-10 -> -10), corroded, berserk cooldown, regenerating,
slowed, very slow
A: retaliatory headbutt, horns 2
a: Renounce Religion, Berserk, Trog's Hand, Brothers in Arms


You were on level 12 of the Dungeon.
You worshipped Trog.
Trog was extremely pleased with you.
You visited 2 branches of the dungeon, and saw 18 of its levels.

You collected 1100 gold pieces.

Inventory:

Hand Weapons
 a - a +4 war axe of freezing (weapon)
 G - a +0 broad axe
Missiles
 j - 26 poisoned darts (quivered)
 L - 24 bolts
Armour
 b - a +0 buckler (worn)
 o - a +0 pair of gloves (worn)
 r - a +1 plate armour
 t - a +1 cloak (worn)
 v - a +2 hat (worn)
 x - the +3 plate armour "Jomil" (worn) {Will+ Str-3 Slay+3 SInv}
   (You found it on level 3 of the Lair of Beasts)

   It affects your strength (-3).
   It affects your accuracy and damage with ranged weapons and melee attacks
   (+3).
   It affects your willpower, your defense against some magical effects.
   It lets you see invisible.
 Q - a +0 pair of boots (worn)
Jewellery
 d - an uncursed ring of flight
 g - an amulet of regeneration (around neck)
 l - a +4 ring of evasion (left hand)
 J - the amulet "Usouprycs" {Acrobat rF++ rC-}
   (You acquired it on level 2 of the Lair of Beasts)

   [amulet of the acrobat]

   It helps you evade while moving and waiting.
   It greatly protects you from fire.
   It makes you vulnerable to cold.
 K - the ring of Reimbursement (right hand) {rPois Int+4 Slay+2 SInv}
   (You found it on level 2 of the Lair of Beasts)

   [ring of poison resistance]

   It affects your intelligence (+4).
   It affects your accuracy and damage with ranged weapons and melee attacks
   (+2).
   It protects you from poison.
   It lets you see invisible.
Wands
 k - a wand of flame (42)
 A - a wand of acid (10)
 I - a wand of digging (3)
 M - a wand of paralysis (13)
 N - a wand of iceblast (13)
Scrolls
 f - 3 scrolls of blinking
 i - 8 scrolls of teleportation
 n - 2 scrolls of fear
 q - 2 scrolls of fog
 s - 5 scrolls of magic mapping
 w - 8 scrolls of remove curse
 y - 2 scrolls of enchant armour
 E - 4 scrolls of identify
 P - a scroll of silence {unknown}
Potions
 c - 4 potions of lignification
 e - 10 potions of curing
 p - 2 potions of invisibility
 u - 2 potions of flight
 z - 7 potions of heal wounds
 B - 3 potions of might
 C - 2 potions of ambrosia
 D - 3 potions of berserk rage
 F - 2 potions of resistance
 H - 3 potions of haste
 O - a potion of magic


   Skills:
 * Level 14.0 Fighting
 - Level 17.5 Axes
 + Level 10.1 Armour
 - Level 2.1 Dodging
 + Level 13.1 Shields


You had 12 spell levels left.
You didn't know any spells.
Your spell library was empty.

Dungeon Overview and Level Annotations

Branches:
Dungeon (12/15)            Temple (0/1) D:5            Lair (6/6) D:8
 Shoals (0/4) Lair:4        Snake (0/4) Lair:2          Orc (0/2) D:12
  Slime: Lair:5-6

Altars:
Elyvilon
Kikubaaqudgha
Qazlal
Beogh

Shops:
D:5 *   D:12 [

Annotations:
D:7 1 transporter
D:12 Nessos, Snorg, Sonja
Lair:5 exclusion: 2 oklob plants


Innate Abilities, Weirdness & Mutations

You reflexively headbutt those who attack you in melee.
You have a pair of horns on your head.


Message History

* * * LOW HITPOINT WARNING * * *
Nessos shoots an arrow.
The arrow hits you but does no damage. The eye of draining gazes at you.
You feel your power leaking away.
You feel very sick.
Nessos unwields a +1 longbow of flaming.
It stops flaming.
Nessos misses you. Nessos hits you.
* * * LOW HITPOINT WARNING * * *
Snorg goes berserk!
The death knight hits you but does no damage.
Nessos blinks!
You feel very sick.
Nessos blinks!
Nessos wields a +1 longbow of flaming.
It bursts into flame!
Nessos shoots an arrow.
You block the arrow. Snorg bites you.
* * * LOW HITPOINT WARNING * * *
Snorg claws you but does no damage. x2
The death knight hits you with a +3 morningstar.
* * * LOW HITPOINT WARNING * * *
Nessos shoots an arrow.
You block the arrow. Snorg bites you!!
You die...

..c. ##..#....#
....#....###### #
............... #
##............... #
#####.......cG.........
#
##.cp...................
###..####.§........#
#..# ##..##
...>...@p.##..# ##.##
....!...T.#...# # ...#
............# ##### .#
p### ...........##
##...## .# ##
..........#####....[##..
#
#########.##.'....>..#..
#.##.'†.>....#..
#.##.'†...>..#.. #
#.#..##.....####


You could see Snorg (berserk), a death knight, Nessos (fast) and an eye of
draining.

Vanquished Creatures
  Azrael (D:12)
  Josephine (Lair:4)
  Harold (D:7)
  2 boulder beetles
  A two-headed ogre (D:10)
  A death yak (Lair:5)
  An unseen horror (D:10)
  A lindwurm (Lair:5)
  A manticore (D:12)
  2 ugly things (D:12)
  A merfolk siren (Lair:4)
  2 black mambas
  17 elephants
  6 cane toads
  2 torpor snails
  2 gargoyles
  A rime drake (Lair:1)
  7 komodo dragons
  3 merfolk (Lair:4)
  Grinder (D:3)
  Prince Ribbit (D:6)
  5 blink frogs (Lair:4)
  3 dream sheep (Lair:5)
  6 wraiths
  7 wyverns
  33 yaks
  A shadow (D:12)
  3 basilisks
  3 fire elementals (D:12)
  2 nagas (Lair:2)
  An acid dragon (D:11)
  Duvessa (D:7)
  6 hell hounds
  6 water moccasins
  8 orc warriors
  A sky beast (D:6)
  A necrophage (D:9)
  4 ogres
  3 black bears
  4 centaurs
  5 phantoms
  5 wolves (Lair:3)
  17 bullfrogs
  Dowan (D:7)
  A water moccasin zombie (D:8)
  5 scorpions
  8 killer bees (D:11)
  19 wights
  2 howler monkeys
  2 jellies
  4 electric eels
  A bullfrog zombie (D:7)
  2 centaur zombies
  2 quasits
  Crazy Yiuf (D:3)
  6 hounds
  7 orc priests
  4 iguanas
  12 orc wizards
  5 worker ants
  A hound zombie (D:11)
  A hound skeleton (D:4)
  A worker ant zombie (D:10)
  9 adders
  5 white imps
  2 ufetubi
  3 oozes
  An adder zombie (D:6)
  An adder skeleton (D:4)
  A worm (D:2)
  A dart slug (D:3)
  3 leopard geckos
  28 orcs
  A ball python (D:3)
  2 giant cockroaches (D:1)
  3 goblins
  3 hobgoblins
  11 jackals
  5 quokkas
  7 bats
  6 frilled lizards
  3 kobolds
  A leopard gecko zombie (D:5)
  2 quokka zombies
  5 rats
368 creatures vanquished.

Vanquished Creatures (collateral kills)
  3 death yaks (Lair:5)
  A black mamba (Lair:5)
  A komodo dragon (Lair:5)
  4 dream sheep (Lair:5)
  A basilisk (Lair:2)
10 creatures vanquished.

Vanquished Creatures (others)
  A giant cockroach (D:3)
  A quokka (D:9)
  A rat (D:3)
  10 fungi
  61 plants
74 creatures vanquished.

Grand Total: 452 creatures vanquished

Notes
Turn   | Place    | Note
-------+----------+-------------------------------------------
     0 | D:1      | jimbutter the Minotaur Berserker began the quest for the
                  | Orb.
     0 | D:1      | Reached XP level 1. HP: 19/19 MP: 0/0
   380 | D:1      | Reached skill level 4 in Axes
   393 | D:1      | Reached XP level 2. HP: 27/27 MP: 1/1
   735 | D:2      | Reached XP level 3. HP: 33/33 MP: 2/2
   758 | D:2      | Reached ** piety under Trog
  1165 | D:2      | Reached skill level 1 in Shields
  1274 | D:2      | Found a faded altar of an unknown god.
  1769 | D:3      | Noticed Grinder
  1780 | D:3      | Killed Grinder
  1781 | D:3      | Reached skill level 5 in Axes
  1781 | D:3      | Reached XP level 4. HP: 41/41 MP: 3/3
  1781 | D:3      | Reached XP level 5. HP: 47/47 MP: 4/4
  1820 | D:3      | Found a white marble altar of Elyvilon.
  1848 | D:3      | Noticed an ogre
  1853 | D:3      | Killed an ogre
  1854 | D:3      | Reached skill level 5 in Fighting
  1854 | D:3      | Reached skill level 6 in Axes
  1854 | D:3      | Reached XP level 6. HP: 53/56 MP: 5/5
  2008 | D:3      | Found a runed translucent door.
  2009 | D:3      | Noticed Crazy Yiuf
  2018 | D:3      | Killed Crazy Yiuf
  2565 | D:4      | Upgraded the game from 0.26-a0-831-g7192265339 to
                  | 0.26-a0-834-g69557b85cc
  2721 | D:4      | Reached XP level 7. HP: 54/61 MP: 6/6
  2797 | D:4      | Reached skill level 7 in Axes
  2880 | D:4      | Reached skill level 5 in Armour
  3110 | D:5      | Entered Level 5 of the Dungeon
  3259 | D:5      | Found an ancient bone altar of Kikubaaqudgha.
  3421 | D:5      | Found Nigoodghi's Assorted Antiques.
  3444 | D:5      | Found a staircase to the Ecumenical Temple.
  3535 | D:5      | Found a stormy altar of Qazlal.
  4129 | D:6      | Reached skill level 8 in Axes
  4129 | D:6      | Reached XP level 8. HP: 53/70 MP: 7/7
  4366 | D:6      | Reached *** piety under Trog
  4400 | D:6      | Reached skill level 5 in Shields
  4741 | D:6      | Noticed Prince Ribbit
  4753 | D:6      | Killed Prince Ribbit
  4754 | D:6      | Reached skill level 9 in Axes
  5154 | D:7      | Noticed Duvessa
  5154 | D:7      | Noticed Dowan
  5216 | D:7      | Killed Duvessa
  5224 | D:7      | Killed Dowan
  5336 | D:7      | Reached XP level 9. HP: 79/79 MP: 8/8
  5417 | D:7      | Noticed Harold
  5418 | D:7      | Noticed a two-headed ogre
  5448 | D:7      | Killed Harold
  5449 | D:7      | Reached skill level 10 in Axes
  5582 | D:7      | Found a roughly hewn altar of Beogh.
  5582 | D:7      | Found a transporter.
  6032 | D:8      | Reached skill level 11 in Axes
  6238 | D:8      | Reached **** piety under Trog
  6240 | D:8      | Reached XP level 10. HP: 90/90 MP: 9/9
  6327 | D:8      | Found a staircase to the Lair.
  6327 | D:8      | Noticed an elephant
  6346 | D:8      | Killed an elephant
  6852 | D:9      | Noticed a boulder beetle
  6871 | D:9      | Killed a boulder beetle
  6872 | D:9      | Reached skill level 12 in Axes
  7709 | D:9      | Upgraded the game from 0.26-a0-834-g69557b85cc to
                  | 0.27-a0-124-g19cb506db8
  7910 | D:10     | Entered Level 10 of the Dungeon
  7968 | D:10     | Reached ***** piety under Trog
  8010 | D:10     | Noticed a two-headed ogre
  8021 | D:10     | Killed a two-headed ogre
  8022 | D:10     | Reached skill level 13 in Axes
  8022 | D:10     | Reached XP level 11. HP: 99/99 MP: 10/10
  8096 | D:10     | Killed an unseen horror
  8097 | D:10     | Reached skill level 10 in Fighting
  8811 | Lair:1   | Entered Level 1 of the Lair of Beasts
  8992 | Lair:1   | Reached skill level 14 in Axes
  9075 | Lair:1   | Reached skill level 10 in Shields
  9341 | Lair:2   | Identified a scroll of acquirement
  9341 | Lair:2   | Acquired the amulet "Usouprycs" {Acrobat rF++ rC-}
  9764 | Lair:2   | Got a twitching turquoise ring
  9766 | Lair:2   | Identified the ring of Reimbursement {rPois Int+4 Slay+2
                  | SInv} (You found it on level 2 of the Lair of Beasts)
  9797 | Lair:2   | Found a staircase to the Snake Pit.
  9817 | Lair:2   | Reached skill level 15 in Axes
  9817 | Lair:2   | Reached XP level 12. HP: 110/110 MP: 11/11
 10631 | Lair:3   | Got a masterwork plate armour
 10632 | Lair:3   | Identified the +3 plate armour "Jomil" {Will+ Str-3 Slay+3
                  | SInv} (You found it on level 3 of the Lair of Beasts)
 11099 | Lair:4   | Reached skill level 16 in Axes
 11179 | Lair:4   | Found a staircase to the Shoals.
 11273 | Lair:4   | Noticed Josephine
 11285 | Lair:4   | Killed Josephine
 11625 | Lair:4   | Reached XP level 13. HP: 113/119 MP: 12/12
 12054 | Lair:5   | Reached skill level 17 in Axes
 12095 | Lair:5   | Received a gift from Trog
 12658 | Lair:5   | You fall into a shaft and drop 1 floor!
 12658 | Lair:6   | Entered Level 6 of the Lair of Beasts
 14323 | D:12     | Noticed Azrael
 14361 | D:12     | Killed Azrael
 14436 | D:12     | Found Callehur's Antique Armour Emporium.
 14496 | D:12     | Reached skill level 10 in Armour
 14532 | D:12     | Noticed Nessos
 14647 | D:12     | Noticed Sonja
 14774 | D:12     | Found a staircase to the Orcish Mines.
 14871 | D:12     | Noticed Snorg
 14876 | D:12     | Mangled by Snorg

Illustrated notes

Levels and vault maps discovered:
D:1:      dpeg_arrival_concentric_ovals, layout_loops_ring,
          minmay_misc_feat_hallway, minmay_misc_feat_columns
D:2:      layout_loops_ring, chequers_ecumenical_altar_island
D:3:      layout_loops_cross, elyvilon_altar_4, uniq_crazy_yiuf_cottage,
          uniq_grinder
D:4:      layout_rooms, minmay_misc_feat_enclosed
D:5:      layout_loops_corners, kennysheep_little_box,
          minmay_temple_entry_ruins, basic_altar, serial_shops, shop,
          hangedman_abyss_or_decor_lesser_grid
D:6:      layout_basic, skrybe_limestone_x, uniq_prince_ribbit1
D:7:      gammafunk_beogh_shrine, layout_layer_cave, uniq_duvessa, uniq_harold
D:8:      layout_basic, david_lair_generic
D:9:      layout_basic, minmay_fractal_squares_diagonal_5
D:10:     layout_cave_pods
D:11:     layout_stronghold, gauntlet_entry_generic
D:12:     layout_rooms, orc_david_3, serial_shops, nicolae_shop_trees,
          minmay_strange_pillars, kennysheep_windowed_goal, uniq_sonja,
          uniq_nessos, uniq_azrael, uniq_snorg
Lair:1:   layout_hall_layers, infiniplex_staircase_pool, lemuel_fruit_fields
Lair:2:   layout_cellular_growth, guppyfry_snake_entry_garden,
          grunt_megastairs_4
Lair:3:   layout_hall_layers, grunt_megastairs_3
Lair:4:   layout_big_grid, elwin_shoals_entry_stream, serial_bayou_lagoon_a,
          kennysheep_catoblepas_arena, uniq_josephine
Lair:5:   dpeg_oklob_gauntlet, layout_cave_pods, enter_volcano_3
Lair:6:   hangedman_lair_tendril_chambers, layout_layer_cave,
          dpeg_slime_entry_enclosed_altar

Skill      XL: |  1  2  3  4  5  6  7  8  9 10 11 12 13 |
---------------+----------------------------------------+-----
Axes           | 4 5 6 8 9 11 13 15 16 17 | 17.5
Fighting       | 4 5 6 7 8 9 11 12 14 | 14.0
Armour         | 3 4 5 6 8 9 10 | 10.1
Shields        | 2 3 4 6 7 9 10 12 13 | 13.1
Dodging        | |  2.1

Action                   |  1- 3 |  4- 6 |  7- 9 | 10-12 | 13-15 || total
-------------------------+-------+-------+-------+-------+-------++-------
Melee: Hand axe          |    95 |    72 |   230 |       |       ||   397
       Headbutt          |    17 |    12 |    60 |   119 |    40 ||   248
       War axe           |       |       |    44 |   413 |   163 ||   620
       Broad axe         |       |       |    64 |    52 |       ||   116
Throw: Dart              |       |       |     2 |     6 |    10 ||    18
Invok: Berserk           |     1 |     2 |     5 |     2 |     1 ||    11
       Trog's Hand       |     1 |       |     6 |     5 |     4 ||    16
       Brothers in Arms  |       |       |       |     1 |     3 ||     4
Evoke: Wand              |       |       |       |     3 |     1 ||     4
  Use: Scroll            |       |       |    21 |    10 |     1 ||    32
 Stab: Sleeping          |     1 |       |       |       |       ||     1
Armor: Animal skin       |     1 |       |       |       |       ||     1
       Ring mail         |    24 |     8 |       |       |       ||    32
       Plate armour      |       |    26 |   176 |   211 |    82 ||   495
Dodge: Dodged            |    52 |    29 |   134 |   231 |    78 ||   524
Block: Buckler           |    12 |    11 |    62 |   104 |    54 ||   243

Table legend: (Time is in decaauts)
 A = Elapsed time spent in this place.
 B = Non-inter-level travel time spent in this place.
 C = Inter-level travel time spent in this place.
 D = Time resting spent in this place.
 E = Time spent auto-exploring this place.
 F = Levels seen in this place.
 G = Mean time per level.
                   A        B        C        D        E       F      G
               +--------+--------+--------+--------+--------+-----+--------+
         Total |  14934 |  14205 |    729 |   1321 |   7961 |  18 |  829.7 |
       Dungeon |  10450 |   9893 |    557 |   1222 |   5329 |  12 |  870.8 |
          Lair |   4483 |   4311 |    172 |     99 |   2632 |   6 |  747.2 |
               +--------+--------+--------+--------+--------+-----+--------+

Top non-repeatable levels by time:
  Lair:5: 1197 daAuts
     D:6: 1152 daAuts
     D:9: 1117 daAuts
    D:11: 1116 daAuts
     D:2: 1072 daAuts
  Lair:2: 1054 daAuts
     D:8: 1018 daAuts
     D:5: 950 daAuts
  Lair:4: 917 daAuts
    D:10: 848 daAuts
     D:3: 813 daAuts
     D:7: 724 daAuts
     D:1: 705 daAuts
  Lair:3: 673 daAuts
     D:4: 571 daAuts
